 Dungeon Crawl Stone Soup version 0.30-a0-561-g1b0378597e (webtiles) character file.

Game seed: 2407982821879637541

551 M4edhros the Cudgeller (level 7, -9/49 HPs)
             Began as an Octopode Chaos Knight on Dec 28, 2022.
             Was a Plaything of Xom.
             Mangled by an iron imp (10 damage)
             ... summoned by Xom
             ... on level 5 of the Dungeon.
             The game lasted 00:03:34 (1915 turns).

M4edhros the Cudgeller (Octopode Chaos Knight)      Turns: 1915, Time: 00:03:35

Health: -9/49      AC:  1    Str: 10 (11) XL:     7   Next: 29%
Magic:  7/7        EV: 14    Int: 14 (15) God:    Xom [.....*]
Gold:   171        SH:  0    Dex: 11 (13) Spells: 6/6 levels left

rFire   + . .      SeeInvis .    a - +0 mace (chaos)
rCold   + + .      Faith    .    (no shield)
rNeg    . . .      Spirit   .    (helmet restricted)
rPois   +          Reflect  .    (no amulet)
rElec   +          Harm     .    (no ring)
rCorr   +          Rampage  .    (no ring)
Will    .....                    (no ring)
Stlth   ++                       (no ring)
HPRegen 0.28/turn                (no ring)
MPRegen 0.10/turn                (no ring)
                                 (no ring)
                                 (no ring)

@: resistant
A: almost no armour, amphibious, 8 rings, camouflage 1, gelatinous body 1,
(nimble swimmer 1), tentacles, antennae 1, cold resistance 1, poison resistance
a: Renounce Religion


You were on level 5 of the Dungeon.
You worshipped Xom.
You were Xom's teddy bear.
You visited 1 branch of the dungeon, and saw 5 of its levels.

You collected 171 gold pieces.

Inventory:

Hand Weapons
 a - a +0 mace of chaos (weapon)
Missiles
 c - 3 poisoned darts
Scrolls
 f - a scroll of identify {unknown}
 g - a scroll of immolation {unknown}
 h - a scroll of teleportation {unknown}
Miscellaneous
 b - a piece from Xom's chessboard (13/15) (quivered)


   Skills:
 + Level 4.8 Fighting
 * Level 6.1 Maces & Flails
 + Level 4.3 Dodging


You had 6 spell levels left.
You didn't know any spells.
Your spell library contained the following spells:

 Spells                   Type           Power      Damage    Failure   Level
 Portal Projectile        Hex/Tloc       0%         N/A       65%         3
 Tukima's Dance           Hex            0%         N/A       65%         3
 Blade Hands              Tmut           0%         N/A       100%        5


Dungeon Overview and Level Annotations

Branches:
Dungeon (5/15)
 Temple: D:4-7

Altars:
Elyvilon
Fedhas
Makhleb
Okawaru
Ru
Vehumet
Wu Jian

Shops:
D:3 !


Innate Abilities, Weirdness & Mutations

You cannot wear most types of armour.
You are amphibious.
You can wear up to eight rings at the same time.
Your skin changes colour to match your surroundings (Stealth+).
Your rubbery body absorbs attacks. (AC +1, EV +1)
((You are camouflaged when in or above water. (Stealth+)))
You have tentacles for arms and can constrict up to eight enemies at once.
You have a pair of small antennae on your head.
Your flesh is cold resistant. (rC+)
Your system is resistant to poisons. (rPois)


Message History

The iron imp is moderately wounded.
You constrict the iron imp, but do no damage.
The ufetubus closely misses you. The ufetubus barely misses you.
The iron imp closely misses you.
You sock the iron imp!
The iron imp is poisoned.
The iron imp is severely wounded.
You constrict the iron imp, but do no damage.
The ufetubus closely misses you. The ufetubus completely misses you.
The iron imp hits you!
The iron imp lashes its tail.
The iron imp closely misses you. The white imp gestures at you.
The puff of frost misses you. The ufetubus closely misses you. x2
You barely miss the iron imp.
The iron imp is severely wounded.
You constrict the iron imp. The ufetubus barely misses you.
The ufetubus misses you. The white imp completely misses you.
The iron imp barely misses you. The iron imp closely misses you.
You hit the iron imp but do no damage.
The iron imp looks even sicker.
You squeeze the iron imp.
You kill the iron imp!
The iron imp disappears in a puff of smoke!
The ufetubus misses you. The ufetubus hits you. x3
The white imp closely misses you. The iron imp hits you!
You sock the ufetubus!
You kill the ufetubus!
The ufetubus disappears in a puff of smoke!
The white imp hits you. The white imp freezes you. You resist.
The iron imp hits you!
* * * LOW HITPOINT WARNING * * *
The white imp gestures at you. The puff of frost hits you. You resist.
* * * LOW HITPOINT WARNING * * *
It was a potion of degeneration.
There was something very wrong with that liquid.
You feel weakened.
You feel dopey.
You feel clumsy.
It was a potion of resistance.
You feel protected. The iron imp hits you!
You die...

#....####.# #####
#.......#.#######
#.......#........
#.......#........
#.......'........
#.....#.#........
#.5...#.#........
##5##.#.#####....
#@##.#.. ....
#.##$### ... #..
.. ..!. .....
....... ........
#.........


You could see an iron imp (summoned) and a white imp (summoned).

Vanquished Creatures
  An ogre (D:5)
  A lemure (D:5)
  2 phantoms (D:4)
  A necrophage (D:4)
  An orc priest (D:4)
  An iguana (D:5)
  2 adders
  A gnoll (D:5)
  2 worms (D:5)
  A dart slug (D:1)
  10 orcs
  3 ball pythons
  2 endoplasms
  A giant cockroach (D:4)
  A goblin (D:1)
  4 hobgoblins
  2 jackals (D:4)
  5 kobolds
  3 quokkas (D:4)
  2 bats (D:1)
  2 frilled lizards
  A rat (D:1)
49 creatures vanquished.

Vanquished Creatures (collateral kills)
  An orc wizard (D:4)
  2 gnolls (D:5)
  An orc (D:4)
  A jackal (D:4)
  A quokka (D:4)
6 creatures vanquished.

Grand Total: 55 creatures vanquished

Notes
Turn   | Place    | Note
-------+----------+-------------------------------------------
     0 | D:1      | M4edhros the Octopode Chaos Knight began the quest for the
                  | Orb.
     0 | D:1      | Reached XP level 1. HP: 16/16 MP: 1/1
    60 | D:1      | Reached XP level 2. HP: 8/21 MP: 2/2
   347 | D:2      | XOM: silly message
   375 | D:3      | Found Udoc's Distillery.
   393 | D:4      | Found a radiant altar of Vehumet.
   393 | D:4      | Found a blossoming altar of Fedhas.
   403 | D:4      | Reached XP level 3. HP: 25/26 MP: 3/3
   410 | D:4      | Found a faded altar of an unknown god.
   412 | D:4      | Found an ornate altar of the Wu Jian Council.
   416 | D:4      | Found a faded altar of an unknown god.
   470 | D:4      | XOM: potion effect (might)
   475 | D:4      | Reached skill level 4 in Maces & Flails
   505 | D:4      | Noticed a necrophage
   509 | D:4      | Killed a necrophage
   510 | D:4      | Reached XP level 4. HP: 26/33 MP: 4/4
   547 | D:4      | Reached XP level 5. HP: 37/37 MP: 5/5
   610 | D:4      | Noticed a phantom
   625 | D:4      | Found a sacrificial altar of Ru.
   625 | D:4      | Noticed a phantom
   625 | D:4      | XOM: 3-stop teleportation journey
   724 | D:4      | XOM: summons friendly iron imp
   725 | D:4      | XOM: summons friendly white imp
   750 | D:4      | XOM: smoke on damage
   755 | D:4      | Killed a phantom
   756 | D:4      | Reached skill level 5 in Maces & Flails
   756 | D:4      | Reached XP level 6. HP: 11/43 MP: 6/6
   807 | D:4      | XOM: polymorph iron imp -> quasit
  1028 | D:5      | Entered Level 5 of the Dungeon
  1271 | D:4      | XOM: give mutations
  1271 | D:4      | Gained mutation: Your flesh is cold resistant. (rC+) [Xom's
                  | grace]
  1271 | D:4      | Gained mutation: You have a pair of small antennae on your
                  | head. [Xom's grace]
  1271 | D:4      | Gained mutation: Your system is resistant to poisons.
                  | (rPois) [Xom's grace]
  1286 | D:4      | XOM: god gift: 44 gold pieces
  1433 | D:5      | Found a white marble altar of Elyvilon.
  1446 | D:5      | Found a burning altar of Makhleb.
  1446 | D:5      | Found an iron altar of Okawaru.
  1502 | D:5      | Reached XP level 7. HP: 22/49 MP: 7/7
  1658 | D:5      | Noticed Grinder
  1669 | D:5      | Grinder changed into Grinder the lemure
  1669 | D:5      | Noticed Grinder
  1669 | D:5      | XOM: polymorph Grinder -> Grinder the lemure
  1671 | D:5      | Killed Grinder the lemure
  1672 | D:5      | Reached skill level 6 in Maces & Flails
  1905 | D:5      | XOM: summons 4 hostile demons
  1913 | D:5      | HP: 1/49 [white imp/puff of frost[Xom] (4)]
  1915 | D:5      | Mangled by an iron imp

Illustrated notes

Levels and vault maps discovered:
D:1:      dpeg_arrival_rooms_with_view, layout_loops_cross,
          hellmonk_ecumenical_altar_zigzags, minmay_surrounded
D:2:      layout_loops_ring
D:3:      layout_loops_cross, serial_shops, shop, corexii_corridor_pit,
          minivault_25, dreamdust_princess_corridor
D:4:      layout_basic, nicolae_ru_awakened_eye,
          chequers_temple_overflow_minitemple, minmay_misc_feat_enclosed,
          hex_intersection, minmay_misc_feat_hallway
D:5:      layout_basic, chequers_temple_overflow_statue_of_worship, uniq_pikel,
          uniq_edmund, uniq_grinder

Skill      XL: |  1  2  3  4  5  6  7 |
---------------+----------------------+-----
Maces & Flails | 4 5 6 |  6.1
Dodging        | 3 4 |  4.3
Fighting       | 4 |  4.8

Action                   |  1- 3 |  4- 6 |  7- 9 || total
-------------------------+-------+-------+-------++-------
Melee: Mace              |    41 |    75 |    20 ||   136
       Constrict         |     8 |    13 |     6 ||    27
       Tentacles         |     9 |    14 |     7 ||    30
       Punch             |       |     3 |       ||     3
Evoke: Piece from Xom's  |       |       |     2 ||     2
  Use: Potion            |       |     5 |     2 ||     7
 Stab: Sleeping          |     3 |     3 |       ||     6
       Distracted        |       |     1 |       ||     1
       Paralysed         |       |     3 |       ||     3
Armor: Skin              |     5 |     5 |     1 ||    11
Dodge: Dodged            |    25 |    54 |    24 ||   103

Table legend: (Time is in decaauts)
 A = Elapsed time spent in this place.
 B = Non-inter-level travel time spent in this place.
 C = Inter-level travel time spent in this place.
 D = Time resting spent in this place.
 E = Time spent auto-exploring this place.
 F = Levels seen in this place.
 G = Mean time per level.
                   A        B        C        D        E       F      G
               +--------+--------+--------+--------+--------+-----+--------+
         Total |   1941 |   1800 |    141 |    244 |   1107 |   5 |  388.2 |
       Dungeon |   1941 |   1800 |    141 |    244 |   1107 |   5 |  388.2 |
               +--------+--------+--------+--------+--------+-----+--------+

Top non-repeatable levels by time:
     D:4: 929 daAuts
     D:5: 617 daAuts
     D:1: 336 daAuts
     D:3: 33 daAuts
     D:2: 24 daAuts
